 Dungeon Crawl Stone Soup version 0.19.0-11-g3fc08b3 (webtiles) character file.

82 mistymad the Ruffian (level 4, -2/38 HPs)
             Began as a Naga Transmuter on Nov 8, 2016.
             Slain by a hound (4 damage)
             ... on level 1 of the Dungeon.
             The game lasted 00:03:19 (1574 turns).

mistymad the Ruffian (Naga Transmuter)              Turns: 1574, Time: 00:03:20

Health: -2/38      AC:  2    Str: 13    XL:     4   Next: 43%
Magic:  0/8        EV: 19    Int: 14    God:
Gold:   72         SH:  0    Dex: 16    Spells: 3 memorised, 2 levels left

rFire  . . .     SeeInvis +       - Unarmed
rCold  . . .     Gourm    .     (armour currently unavailable)
rNeg   . . .     Faith    .     (shield currently unavailable)
rPois  x         Spirit   .     (helmet currently unavailable)
rElec  .         Reflect  .     (cloak currently unavailable)
rCorr  .         Harm     .     (gloves currently unavailable)
MR     .....                    (no barding)
Stlth  +.........               (no amulet)
                                (no ring)
                                (no ring)

@: spider-form
A: see invisible, (deformed body), (poison resistance), (slowness 0), slow
metabolism 1, spit poison 1, AC +1
a: Spit Poison, End Transformation


You were on level 1 of the Dungeon.
You were hungry.
You were a venomous arachnid creature.
You visited 1 branch of the dungeon, and saw 2 of its levels.

You collected 72 gold pieces.

Inventory:

Missiles
 a - 46 arrows
Armour
 b - a +0 robe (melded)
 k - a +0 large shield
 m - a +0 pair of gloves (melded)
Jewellery
 j - an uncursed ring of resist corrosion {unknown}
Scrolls
 e - a scroll of identify {unknown}
 n - 2 scrolls of remove curse {unknown}
 q - a scroll of fear {unknown}
Potions
 f - a potion of might {unknown}
 g - a potion of invisibility {unknown}
 l - a potion of ambrosia {unknown}
 o - a potion of cancellation {unknown}
Books
 c - a book of Changes

   Spells                             Type                      Level
   a - Beastly Appendage              Transmutation                1
   b - Sticks to Snakes               Transmutation                2
   c - Spider Form                    Transmutation/Poison         3
   d - Ice Form                       Ice/Transmutation            4
   e - Blade Hands                    Transmutation                5
Comestibles
 d - 6 bread rations
 h - 2 meat rations
 i - a beef jerky
 p - 2 fruits


   Skills:
 - Level 1.0 Fighting
 - Level 1.5 Dodging
 + Level 3.9 Unarmed Combat
 + Level 2.9 Spellcasting
 + Level 2.9 Transmutations


You had 2 spell levels left.
You knew the following spells:

 Your Spells              Type           Power        Failure   Level  Hunger
a - Beastly Appendage     Tmut           ##....       24%         1    #......
b - Sticks to Snakes      Tmut           ##......     28%         2    ##.....
c - Spider Form           Tmut/Pois      #.........   61%         3    ###....


Dungeon Overview and Level Annotations

Branches:
Dungeon (2/15)

Altars:
Yredelemnul


Innate Abilities, Weirdness & Mutations

You cannot wear boots.
((Your serpentine skin is tough. (AC +1)))
You have supernaturally acute eyesight. (SInv)
((Armour fits poorly on your strangely shaped body.))
((Your system is resistant to poisons. (rPois)))
((You cover ground very slowly.))
You have a slow metabolism.
You can spit poison.


Message History

The gnoll barely misses you.
You take 3 damage, and have 7/38 hp.
The hound bites you.
* * * LOW HITPOINT WARNING * * *
You take 3 damage, and have 4/38 hp.
The hound barely misses you. The gnoll barely misses you. The hound bites you.
* * * LOW HITPOINT WARNING * * *
Your magical contamination has completely faded away.
There is a stone staircase leading up here.
You take 3 damage, and have 1/38 hp.
The hound closely misses you. The gnoll closely misses you.
You climb upwards.
There is a stone staircase leading down here.
Casting: Spider Form
Confirm with . or Enter, or press ? or * to list all spells.
You turn into a venomous arachnid creature.
Your +0 pair of gloves melds into your body.
Your +0 robe melds into your body.
The hound bites you.
You die...

..#.......##.....#...#.###...###.
..........##.....#####.#.......#.
..........##.....# #.#.8.#.8.#.
#.........##.....# #.....#.....
#...#+#..........# #....###....
#...###..........# ####..#..###
##...............# #..'.....'..
#...............#####..###'###.<
#.......#......s'...#..#.....#..
#.......#......h###.############
#.......#...#...# #.#
#.......#...##### #.#
#########...##.####.#
#...##...##.# #...##.#.##.#
#....#.#....# ####.#.######


You could see a hound.

Vanquished Creatures
  A hound (D:2)
  Natasha (D:2)
  A dart slug (D:1)
  3 giant cockroaches
  2 gnoll zombies (D:2)
  3 hobgoblins (D:1)
  5 kobolds (D:1)
  4 bats (D:1)
  4 frilled lizards (D:1)
  3 rats (D:1)
27 creatures vanquished.

Notes
Turn   | Place    | Note
-------+----------+-------------------------------------------
     0 | D:1      | mistymad the Naga Transmuter began the quest for the Orb.
     0 | D:1      | Reached XP level 1. HP: 18/18 MP: 3/3
   366 | D:1      | Reached XP level 2. HP: 23/25 MP: 3/5
   379 | D:1      | Learned a level 2 spell: Sticks to Snakes
  1068 | D:1      | Reached XP level 3. HP: 27/31 MP: 6/6
  1073 | D:1      | Learned a level 3 spell: Spider Form
  1126 | D:2      | Noticed Natasha
  1140 | D:2      | Killed Natasha
  1305 | D:2      | Found a basalt altar of Yredelemnul.
  1559 | D:2      | Reached XP level 4. HP: 9/38 MP: 1/8
  1571 | D:2      | HP: 1/38 [hound (3)]
  1574 | D:1      | Slain by a hound

Action                   |  1- 3 |  4- 6 || total
-------------------------+-------+-------++-------
Melee: Unarmed           |    56 |       ||    56
       Headbutt          |     3 |       ||     3
 Cast: Beastly Appendage |     6 |       ||     6
       Spider Form       |     2 |     1 ||     3
 Abil: Spit Poison       |    21 |       ||    21
 Stab: Sleeping          |     1 |       ||     1
  Eat: Chunk             |     2 |       ||     2
Armor: Robe              |    15 |     1 ||    16
Dodge: Dodged            |    49 |     6 ||    55
